Map: [ESL] Waterfall

Players

maru - Winner!

  • Race: Terran Terran
  • League: Diamond
  • Spawn Location: 1:00

ShoWTimE

  • Race: Protoss Protoss
  • League: Master
  • Spawn Location: 7:00

Event: TSL 9

VOD

Have the link to the VOD?

Description

Time

  • Played on: Sept. 4, 2022, 10:30 a.m.
  • Length: 8:21

All games in this series

Show
View Real Time Build Order
Export as new Build Order

maru Terran - Winner!

Build Orders:  

Get SALT Encoding   

  12  0:00  SCV  
  13  0:12  SCV  
  14  0:16  Supply Depot  
  14  0:24  SCV  
  15  0:38  SCV, Barracks  
  16  0:43  Refinery  
  16  0:50  SCV  
  16  0:52  Refinery  
  17  1:02  SCV  
  18  1:14  SCV  
  19  1:26  Reaper, Orbital Command  
  20  1:40  Supply Depot  
  20  1:42  Factory  
  20  1:52  SCV  
  21  1:59  Reaper  
  22  2:04  SCV  
  23  2:16  SCV  
  23  2:20  Command Center  
  24  2:26  Hellion  
  24  2:28  SCV  
  27  2:32  Barracks Reactor  
  27  2:37  Supply Depot  
  27  2:41  SCV  
  28  2:48  Starport  
  28  2:53  SCV  
  28  2:56  Widow Mine  
  31  3:05  SCV  
  31  3:17  SCV  
  31  3:19  Widow Mine  
  34  3:21  Marine x2  
  34  3:25  Medivac  
  38  3:29  SCV  
  39  3:35  Orbital Command  
  39  3:39  Marine x2  
  40  3:41  Factory Tech Lab  
  40  3:42  Barracks  
  40  3:46  SCV  
  41  3:57  Marine x2  
  41  4:01  Refinery  
  41  4:02  SCV  
  44  4:03  Supply Depot, SCV  
  44  4:05  Factory Tech Lab  
  44  4:07  Raven  
  47  4:14  SCV, Marine  
  47  4:15  SCV, Marine  
  51  4:22  Engineering Bay  
  51  4:26  SCV  
  51  4:27  Siege Tank  
  55  4:32  SCV  
  54  4:38  Marine  
  54  4:39  SCV  
  54  4:44  SCV  
  55  4:50  Terran Infantry Weapons Level 1  
  55  4:51  SCV  
  54  4:53  Barracks  
  54  4:56  SCV  
  54  4:59  Supply Depot, Siege Tank  
  58  5:02  Stimpack, Marine  
  58  5:03  SCV, Marine  
  61  5:07  Supply Depot  
  61  5:08  SCV  
  62  5:15  Starport Reactor  
  62  5:17  Marine  
  62  5:20  Marine  
  62  5:21  SCV, Marine  
  64  5:24  SCV  
  65  5:30  Supply Depot  
  65  5:33  SCV  
  68  5:36  Marauder  
  68  5:38  Marine x2  
  68  5:40  Supply Depot  
  68  5:42  SCV, Factory Reactor  
  71  5:45  SCV  
  72  5:54  Combat Shield  
  72  5:55  SCV, Marauder, Marine  
  72  5:56  Marine  
  78  6:07  Supply Depot, Medivac, Marauder  
  78  6:09  Medivac  
  85  6:13  Marine  
  85  6:14  Marine  
  85  6:15  Refinery  
  85  6:16  Supply Depot, Marauder  
  87  6:19  Widow Mine x2  
  87  6:24  Supply Depot  
  91  6:29  Marauder  
  91  6:31  Marine  
  91  6:32  Marine  
  95  6:39  Medivac x2  
  99  6:42  Supply Depot, Marauder  
  99  6:46  Widow Mine x2  
  105  6:49  Marine  
  105  6:50  Marauder, Marine  
  107  6:56  Concussive Shells  
  107  7:02  Command Center  
  107  7:07  Marauder, Marine  
  107  7:08  Widow Mine  
  112  7:11  Marauder  
  112  7:13  Widow Mine  
  113  7:24  Marine  
  113  7:29  Widow Mine, Marauder  
  113  7:32  Marine  
  113  7:33  Marauder  
  114  7:42  Marine  
  111  7:45  SCV  
  111  7:48  SCV  
  111  7:50  Marauder, Marine  
  114  7:54  Marauder  
  107  7:59  Marine  
  104  8:10  Barracks  
  107  8:14  Barracks  
Show
View Real Time Build Order
Export as new Build Order

ShoWTimE Protoss 

Build Orders: 1 Gate Expand, Blink Stalkers 

Get SALT Encoding   

  12  0:00  Probe  
  13  0:12  Probe  
  14  0:17  Pylon  
  14  0:24  Probe (Chrono Boost)  
  15  0:36  Gateway, Probe (Chrono Boost)  
  16  0:43  Probe (Chrono Boost)  
  16  0:45  Assimilator  
  17  0:51  Probe  
  18  1:03  Probe  
  19  1:15  Probe  
  20  1:23  Nexus  
  20  1:31  Cybernetics Core  
  20  1:35  Probe  
  21  1:40  Assimilator  
  21  1:48  Probe  
  21  1:51  Pylon  
  22  2:00  Probe  
  23  2:06  Adept (Chrono Boost)  
  23  2:07  Warp Gate  
  23  2:12  Probe  
  26  2:19  Twilight Council  
  25  2:24  Probe  
  25  2:26  Stalker (Chrono Boost)  
  28  2:35  Probe  
  28  2:36  Probe  
  30  2:42  Shield Battery  
  30  2:47  Probe, Blink (Chrono Boost)  
  30  2:48  Probe  
  32  2:59  Probe  
  32  3:01  Probe  
  34  3:08  Stalker  
  34  3:11  Probe  
  37  3:16  Probe  
  38  3:23  Probe  
  38  3:24  Gateway  
  39  3:28  Probe  
  40  3:35  Probe  
  40  3:41  Robotics Facility, Probe  
  42  3:43  Pylon  
  42  3:47  Probe  
  43  3:53  Probe  
  44  3:56  Stalker  
  44  4:02  Probe, Pylon  
  47  4:05  Probe  
  48  4:12  Nexus  
  48  4:18  Stalker  
  48  4:20  Stalker  
  48  4:23  Probe x2  
  54  4:29  Pylon  
  54  4:35  Probe x2  
  50  4:47  Probe  
  50  4:48  Probe  
  50  4:51  Stalker  
  50  4:52  Observer  
  55  4:57  Assimilator  
  55  4:59  Probe  
  56  5:00  Probe  
  56  5:02  Charge (Chrono Boost)  
  57  5:10  Stalker  
  57  5:11  Probe  
  57  5:12  Probe  
  61  5:23  Gateway x2, Probe  
  61  5:25  Probe x2  
  64  5:31  Stalker  
  64  5:35  Probe  
  67  5:37  Probe  
  67  5:38  Gateway  
  68  5:43  Gateway  
  68  5:48  Stalker  
  68  5:49  Probe  
  72  5:50  Probe  
  72  5:55  Stalker  
  74  5:58  Probe  
  74  6:01  Probe  
  76  6:05  Probe  
  76  6:10  Probe  
  76  6:12  Sentry  
  76  6:15  Warp Prism (Chrono Boost)  
  76  6:16  Observer  
  76  6:17  Sentry x2  
  84  6:21  Gateway  
  84  6:25  Gateway  
  84  6:30  Pylon  
  84  6:33  Pylon  
  84  6:50  Zealot x4  
  92  6:54  Pylon  
  92  6:58  Shield Battery  
  92  6:59  Shield Battery  
  92  7:02  Pylon  
  92  7:09  Zealot x2  
  92  7:11  Zealot x3  
  100  7:16  Zealot x2  
  92  7:26  Zealot x3  
  84  7:31  Zealot x5  
  78  7:46  Zealot x3  
  84  7:52  Zealot x4  
  68  8:07  Stalker x3  
  68  8:12  Zealot x4  
  82  8:13  Gateway  
  82  8:15  Gateway  
Tags
 
Add a new tag
Caveats
  • Supply blocks, unpowered buildings, or Contaminate may cause inaccurate times.
  • Supply counts are checked every 10 seconds.